 Dungeon Crawl Stone Soup version 0.32-a0-732-ga344392067 (webtiles) character file.

Game seed: 16721224505440194321

47856 shadizar the Eclecticist (level 14, -1/108 HPs)
             Began as a Djinni Conjurer on Mar 16, 2024.
             Was a High Priest of Makhleb.
             Slain by a sun demon (15 damage)
             ... summoned by an obsidian statue
             ... on level 5 of the Lair of Beasts.
             The game lasted 00:25:53 (16686 turns).

shadizar the Eclecticist (Djinni Conjurer)         Turns: 16686, Time: 00:25:54

Health: -1/108     AC: 12    Str: 12    XL:     14   Next: 83%
Gold:   939        EV: 12    Int: 25    God:    Makhleb [*****.] SH:  0 Dex: 12

rFire   + + .        C - staff of conjuration
rCold   . . .        f - orb {light}
rNeg    . . .        G - +2 ring mail {rC+}
rPois   ∞            H - +2 hat {Stlth+}
rElec   .            (no cloak)
rCorr   .            o - +1 pair of gloves
SInv    .            (boots unavailable)
Will    +....        (no amulet)
Stlth   +            q - ring of wizardry
HPRegen 0.38/turn    v - +6 ring of strength
MPRegen 0.00/turn

%: wizardry (x1), infuse magic (-2 HP)
@: flying, mesmerised, glowing
A: sickness immunity, fire resistance 2, cold vulnerability 1, float, innate
caster, HP casting, extra vitality 1
a: Renounce Religion, Minor Destruction, Lesser Servant of Makhleb, Major
Destruction, Greater Servant of Makhleb


You were on level 5 of the Lair of Beasts.
You worshipped Makhleb.
Makhleb was extremely pleased with you.
You visited 3 branches of the dungeon, and saw 15 of its levels.

You collected 939 gold pieces.

Inventory:

Armour
 f - an orb of light (worn)
 o - a +1 pair of gloves (worn)
 w - a +0 scale mail of willpower
 G - a +2 ring mail of cold resistance (worn)
 H - a +2 hat of stealth (worn)
Magical Staves
 C - a staff of conjuration (weapon)
Jewellery
 q - a ring of wizardry (left hand)
 v - a +6 ring of strength (right hand)
Wands
 a - a wand of polymorph (13)
 h - a wand of mindburst (5)
 u - a wand of digging (2)
 y - a wand of warping (15)
 B - a wand of flame (42)
 E - a wand of paralysis (5)
Scrolls
 g - 6 scrolls of identify
 l - a scroll of enchant armour
 m - 4 scrolls of teleportation
 n - 2 scrolls of blinking
 r - a scroll of enchant weapon
Potions
 c - 2 potions of haste
 d - 3 potions of ambrosia
 e - 2 potions of berserk rage
 j - 4 potions of curing
 s - 2 potions of might
 t - a potion of cancellation
 A - 2 potions of brilliance
 D - 2 potions of invisibility
Miscellaneous
 p - a phial of floods
 x - a tin of tremorstones (2/2)


   Skills:
 + Level 12.7 Fighting
 - Level 6.1 Armour
 - Level 8.0 Dodging
 - Level 1.5 Stealth
 * Level 15.5 Spellcasting
 * Level 15.5 Conjurations
 * Level 15.5 Hexes
   Level 0.0 Charms
 * Level 15.5 Summonings
 * Level 15.5 Necromancy
 * Level 15.5 Translocations
   Level 0.0 Transmutations
 * Level 15.5 Fire Magic
 * Level 15.5 Ice Magic
 * Level 15.5 Air Magic
 * Level 15.5 Earth Magic
 * Level 15.5 Alchemy


You knew the following spells:

 Your Spells              Type           Power      Damage    Failure   Level
a - Magic Dart            Conj           100%       1d8       0%          1
b - Searing Ray           Conj           100%       2d8       0%          2
c - Fulminant Prism       Conj/Alch      49%        3d21      1%          4
d - Iskenderun's Mystic   Conj/Tloc      98%        2d19      1%          4
e - Kiss of Death         Conj/Necr      100%       2d13      0%          1
f - Blink                 Tloc           100%       N/A       0%          2
g - Tukima's Dance        Hex            77%        N/A       1%          3
h - Leda's Liquefaction   Alch/Erth      38%        N/A       1%          4
i - Airstrike             Air            38%        2d(6-22)  1%          4
j - Arcjolt               Conj/Air       49%        1d59      1%          5
Your spell library was empty.

Dungeon Overview and Level Annotations

Branches:
Dungeon (9/15)             Temple (1/1) D:4            Lair (5/5) D:8
  Swamp (0/4) Lair:3        Snake (0/4) Lair:2        Slime (0/5) Lair:4
    Orc (0/2) D:9

Altars:
Ashenzari
Cheibriados
Dithmenos
Elyvilon
Fedhas
Gozag
Hepliaklqana
Makhleb
Okawaru
Qazlal
Ru
Trog
Uskayaw
Wu Jian
Xom
Yredelemnul
Zin
The Shining One
Jiyva

Shops:
D:2 [   D:6 (

Annotations:
D:5 3 runed translucent doors, MirrMurr's ghost, amateur OnWr
D:6 3 runed translucent doors, Nebesus's ghost, novice DsNe
Lair:5 exclusion: obsidian statue


Innate Abilities, Weirdness & Mutations

You are immune to sickness and miasma.
You are immune to poison.
Your flesh is very heat resistant. (rF++)
You are vulnerable to cold. (rC-)
You float through the air rather than walking.
You learn spells naturally, not from books.
Your magical power is your life essence.
You have superior vitality. (+4 MHP)


Message History

Unknown command.
You feel much better. The sun demon hits you.
* * * LOW HITPOINT WARNING * * *
You are engulfed in flames.
You resist.
* * * LOW HITPOINT WARNING * * *
The soul eater hits you!
* * * LOW HITPOINT WARNING * * *
Unknown command.
Okay, then.
You feel better.
The sun demon hits you but does no damage.
The obsidian statue's eyes glow briefly.
The obsidian statue draws you further into its thrall.
The soul eater barely misses you.
The sun demon hits you but does no damage.
Unknown command.
Unknown command.
Unknown command.
Unknown command.
You feel better.
The obsidian statue's eyes glow briefly.
The obsidian statue draws you further into its thrall.
The sun demon hits you but does no damage.
The soul eater hits you!
* * * LOW HITPOINT WARNING * * *
Unknown command.
Unknown command.
Unknown command.
You feel better. The sun demon hits you!
* * * LOW HITPOINT WARNING * * *
You are engulfed in flames.
You resist.
* * * LOW HITPOINT WARNING * * *
The soul eater hits you but does no damage.
Unknown command.
Unknown command.
Unknown command.
Unknown command.
Unknown command.
You feel better. The sun demon hits you!
You die...

#..........## #ß...P.##♣♣♣#
##......##.# #......# ###
#.......#..# #ß.....####..
#.P#...###.#########'#....#
######?######)## #.#.####
##.## ##+## #..P#P..
##.###♣I♣♣ #ß..#...
##.##55.♣♣####''#''#
##@345..P......#...
##3#.♣...........#
##.#♣♣.........##
#.#♣♣#.#..#.## ## ########


You could see an obsidian statue (mesmerising), a soul eater (summoned), a sun
demon (summoned), a rust devil (summoned), a white imp (summoned) and 2 shadow
imps.

Vanquished Creatures
  Gastronok (Lair:3)
  3 dire elephants (Lair:5)
  4 hydras
  A centaur warrior (D:9)
  A boulder beetle (Lair:2)
  6 death yaks
  Nergalle (Lair:2)
  2 skysharks
  A spectral death yak (Lair:5)
  A spectral anaconda (Lair:5)
  A bog body (Lair:3)
  Pikel (D:7)
  3 necromancers (Lair:5)
  A salamander (Lair:2)
  4 black mambas
  13 elephants
  A dire elephant zombie (Lair:5)
  A torpor snail (Lair:1)
  10 cane toads
  3 rime drakes
  An unseen horror (D:9)
  6 komodo dragons
  A polar bear (Lair:2)
  7 hornets
  Prince Ribbit (D:8)
  A troll (D:9)
  14 dream sheep
  2 slime creatures (Lair:4)
  5 wyverns
  8 basilisks
  47 yaks
  2 spectral cane toads (Lair:5)
  Menkaure (D:7)
  11 water moccasins
  A sky beast (D:8)
  An ice beast (D:6)
  7 orc warriors
  An elephant zombie (Lair:5)
  3 black bears
  3 ogres
  11 wolves
  2 centaurs
  2 lemures (D:7)
  An elephant skeleton (Lair:5)
  A phantom (D:4)
  5 kobold brigands
  12 bullfrogs
  A cane toad simulacrum (Lair:5)
  A burial acolyte (D:5)
  7 wights
  An elephant simulacrum (Lair:5)
  5 killer bees (D:9)
  3 howler monkeys (D:9)
  4 bombardier beetles
  3 lava snakes (Lair:2)
  A hound (D:6)
  6 orc priests
  3 jellies
  A gnoll bouda (D:6)
  6 iguanas
  2 sleepcaps
  10 orc wizards
  7 hell rats
  Robin (D:4)
  4 adders
  3 gnolls (D:6)
  4 river rats (Lair:2)
  2 white imps
  6 ufetubi
  An adder zombie (D:5)
  3 dart slugs
  23 orcs
  6 ball pythons
  4 endoplasms
  4 giant cockroaches
  12 goblins
  9 hobgoblins
  3 quokkas
  9 bats
  2 frilled lizards
  2 jackal zombies (D:5)
  28 kobolds
  8 rats
411 creatures vanquished.

Vanquished Creatures (others)
  50 fulminant prisms
50 creatures vanquished.

Grand Total: 461 creatures vanquished

Notes
Turn   | Place    | Note
-------+----------+-------------------------------------------
     0 | D:1      | shadizar the Djinni Conjurer began the quest for the Orb.
     0 | D:1      | shadizar set off with the following spells memorised: Magic
                  | Dart, Searing Ray, Fulminant Prism, Iskenderun's Mystic
                  | Blast.
     0 | D:1      | Reached XP level 1. HP: 15/15 MP: 0/0
    69 | D:1      | Reached XP level 2. HP: 19/21 MP: 0/0
    84 | D:1      | Found a faded altar of an unknown god.
   958 | D:2      | Reached XP level 3. HP: 20/25 MP: 0/0
   958 | D:2      | Learned a level 1 spell: Kiss of Death
  1099 | D:2      | Noticed an ogre
  1106 | D:2      | Killed an ogre
  1107 | D:2      | Reached skill level 5 in Spellcasting
  1107 | D:2      | Reached skill level 5 in Conjurations
  1107 | D:2      | Reached skill level 5 in Hexes
  1107 | D:2      | Reached skill level 5 in Summonings
  1107 | D:2      | Reached skill level 5 in Necromancy
  1107 | D:2      | Reached skill level 5 in Translocations
  1107 | D:2      | Reached skill level 5 in Fire Magic
  1107 | D:2      | Reached skill level 5 in Ice Magic
  1107 | D:2      | Reached skill level 5 in Air Magic
  1107 | D:2      | Reached skill level 5 in Earth Magic
  1107 | D:2      | Reached skill level 5 in Alchemy
  1107 | D:2      | Reached XP level 4. HP: 23/31 MP: 0/0
  1107 | D:2      | Reached XP level 5. HP: 27/35 MP: 0/0
  1107 | D:2      | Learned a level 2 spell: Blink
  1300 | D:2      | Found Loczasyo's Antique Armour Boutique.
  1962 | D:3      | Reached XP level 6. HP: 14/40 MP: 0/0
  2893 | D:4      | Reached XP level 7. HP: 38/45 MP: 0/0
  2893 | D:4      | Learned a level 3 spell: Tukima's Dance
  3511 | D:4      | Found a staircase to the Ecumenical Temple.
  3534 | D:4      | Noticed a water moccasin
  3538 | D:4      | Killed a water moccasin
  3619 | D:4      | Noticed Robin
  3624 | D:4      | Killed Robin
  3913 | Temple   | Entered the Ecumenical Temple
  3918 | Temple   | Became a worshipper of Makhleb the Destroyer
  3953 | D:5      | Entered Level 5 of the Dungeon
  3954 | D:5      | Found a runed translucent gate.
  3954 | D:5      | Noticed a water moccasin
  3954 | D:5      | Noticed MirrMurr's ghost (amateur OnWr)
  3989 | D:5      | Found a runed translucent gate.
  3989 | D:5      | Found a runed translucent gate.
  4234 | D:5      | Reached XP level 8. HP: 46/50 MP: 0/0
  5016 | D:6      | Found a runed translucent gate.
  5017 | D:6      | Found a runed translucent gate.
  5017 | D:6      | Found a runed translucent gate.
  5030 | D:6      | Noticed Nebesus's ghost (novice DsNe)
  5231 | D:6      | Reached skill level 1 in Fighting
  5958 | D:6      | Found Cuxku's Weapon Shoppe.
  6160 | D:6      | Reached XP level 9. HP: 58/61 MP: 0/0
  6160 | D:6      | Learned a level 4 spell: Leda's Liquefaction
  6166 | D:6      | Reached * piety under Makhleb
  6496 | D:7      | Reached skill level 5 in Dodging
  6662 | D:7      | Reached skill level 5 in Fighting
  6806 | D:7      | Noticed Menkaure
  6815 | D:7      | Killed Menkaure
  7262 | D:7      | Found a hide-covered altar of Uskayaw.
  7262 | D:7      | Found a snail-covered altar of Cheibriados.
  7271 | D:7      | Noticed Pikel
  7279 | D:7      | Killed Pikel
  7280 | D:7      | Reached XP level 10. HP: 51/73 MP: 0/0
  7301 | D:7      | Reached ** piety under Makhleb
  7814 | D:8      | Noticed a death yak
  7990 | D:8      | Killed a death yak
  8110 | D:8      | Found a staircase to the Lair.
  8122 | D:8      | Identified the +2 quarterstaff "Ox" {drain, rF+ rN+}
  8242 | D:8      | Found a broken altar of Ashenzari.
  8299 | D:8      | Noticed Prince Ribbit
  8306 | D:8      | Killed Prince Ribbit
  8759 | D:9      | Reached XP level 11. HP: 51/82 MP: 0/0
  8759 | D:9      | Learned a level 4 spell: Airstrike
  8782 | D:9      | Noticed a centaur warrior
  8787 | D:9      | Killed a centaur warrior
  8908 | D:9      | Reached *** piety under Makhleb
  9197 | D:9      | Found a staircase to the Orcish Mines.
  9203 | D:9      | Reached skill level 10 in Spellcasting
  9203 | D:9      | Reached skill level 10 in Conjurations
  9203 | D:9      | Reached skill level 10 in Hexes
  9203 | D:9      | Reached skill level 10 in Summonings
  9203 | D:9      | Reached skill level 10 in Necromancy
  9203 | D:9      | Reached skill level 10 in Translocations
  9203 | D:9      | Reached skill level 10 in Fire Magic
  9203 | D:9      | Reached skill level 10 in Ice Magic
  9203 | D:9      | Reached skill level 10 in Air Magic
  9203 | D:9      | Reached skill level 10 in Earth Magic
  9203 | D:9      | Reached skill level 10 in Alchemy
  9693 | D:9      | Noticed a death knight
  9863 | Lair:1   | Entered Level 1 of the Lair of Beasts
  9876 | Lair:1   | Reached skill level 10 in Fighting
 10226 | Lair:1   | Reached XP level 12. HP: 67/92 MP: 0/0
 10373 | Lair:1   | Reached skill level 1 in Armour
 10444 | Lair:1   | Reached **** piety under Makhleb
 11003 | Lair:2   | Noticed a skyshark
 11012 | Lair:2   | Killed a skyshark
 11223 | Lair:2   | Found a staircase to the Snake Pit.
 11233 | Lair:2   | Noticed Nergalle
 11235 | Lair:2   | Killed Nergalle
 11414 | Lair:2   | Noticed a death yak
 11419 | Lair:2   | Noticed a death yak
 11424 | Lair:2   | Noticed a death yak
 11428 | Lair:2   | Noticed a death yak
 11431 | Lair:2   | Noticed a boulder beetle
 11431 | Lair:2   | Noticed a death yak
 11435 | Lair:2   | Killed a death yak
 11437 | Lair:2   | Killed a death yak
 11439 | Lair:2   | Killed a death yak
 11441 | Lair:2   | Killed a death yak
 11442 | Lair:2   | Reached skill level 5 in Armour
 11553 | Lair:2   | Killed a boulder beetle
 11586 | Lair:2   | Reached XP level 13. HP: 56/97 MP: 0/0
 11586 | Lair:2   | Learned a level 5 spell: Arcjolt
 11889 | Lair:2   | Reached ***** piety under Makhleb
 12752 | Lair:3   | Noticed an eight-headed hydra
 12755 | Lair:3   | Killed an eight-headed hydra
 13344 | Lair:3   | Noticed Gastronok
 13354 | Lair:3   | Killed Gastronok
 13541 | Lair:3   | Found a staircase to the Swamp.
 13918 | Lair:4   | Found a staircase to the Slime Pits.
 13918 | Lair:4   | Found a viscous altar of Jiyva.
 14198 | Lair:4   | Noticed an eight-headed hydra
 14204 | Lair:4   | Killed an eight-headed hydra
 14205 | Lair:4   | Reached XP level 14. HP: 97/105 MP: 0/0
 15034 | Lair:5   | Entered Level 5 of the Lair of Beasts
 15328 | Lair:5   | Reached skill level 15 in Spellcasting
 15328 | Lair:5   | Reached skill level 15 in Conjurations
 15328 | Lair:5   | Reached skill level 15 in Hexes
 15328 | Lair:5   | Reached skill level 15 in Summonings
 15328 | Lair:5   | Reached skill level 15 in Necromancy
 15328 | Lair:5   | Reached skill level 15 in Translocations
 15328 | Lair:5   | Reached skill level 15 in Fire Magic
 15328 | Lair:5   | Reached skill level 15 in Ice Magic
 15328 | Lair:5   | Reached skill level 15 in Air Magic
 15328 | Lair:5   | Reached skill level 15 in Earth Magic
 15328 | Lair:5   | Reached skill level 15 in Alchemy
 15605 | Lair:5   | Noticed a dire elephant
 15605 | Lair:5   | Noticed a dire elephant
 15646 | Lair:5   | Noticed a dire elephant
 15659 | Lair:5   | Killed a dire elephant
 15790 | Lair:5   | Identified the +4 hand axe of Poageon {antimagic, rPois
                  | rCorr Str+4}
 15857 | Lair:5   | Killed a dire elephant
 15858 | Lair:5   | Killed a dire elephant
 15874 | Lair:5   | Identified the +4 falchion of the Spheres {pain, ^Drain
                  | rElec rC++ rN+}
 16290 | Lair:5   | Reached ****** piety under Makhleb
 16685 | Lair:5   | HP: 4/108 [sun demon[an obsidian statue] (4)]
 16686 | Lair:5   | Slain by a sun demon

Illustrated notes

Levels and vault maps discovered:
D:1:      dpeg_arrival_rooms_with_view, layout_basic, basic_ecumenical_altar,
          minmay_tree_intersection, nrook_campfire
D:2:      layout_basic, serial_shops, nicolae_shop_trees,
          grunt_decor_resistance, minmay_parallelograms, grunt_ministairs_6,
          moated_statue
D:3:      layout_basic
D:4:      layout_loops_corners, temple_green, uniq_robin
D:5:      layout_basic, lemuel_zombie_altar_kikubaaqudgha, gammafunk_ghost_split
D:6:      layout_layer_cave, serial_glass, glass_columns_a, glass_columns_c,
          item_on_display_b, item_on_display_b, gammafunk_ghost_necromancy,
          serial_shops, shop
D:7:      layout_rooms, gammafunk_temple_overflow_claw, uniq_pikel,
          uniq_menkaure
D:8:      layout_cave_pools, mainiacjoe_overflow_cross_hatched,
          dpeg_lair_monsters, chequers_serial_rivers_micro_b,
          uniq_prince_ribbit1
D:9:      layout_roguey, orc_0_dummy, serial_glass, glass_columns_a,
          glass_columns_a, glass_columns_a, glass_columns_b,
          minmay_shattered_shrine
Temple:   nicolae_temple_x_marks_the_god
Lair:1:   layout_loops_ring, dreamdust_wasp_nest, grunt_megastairs_1
Lair:2:   layout_loops_ring, nicolae_snake_entry_warm_welcome,
          kennysheep_abandoned_house, grunt_megastairs_2, uniq_nergalle
Lair:3:   layout_gridlike, skrybe_swamp_entry_bodies, uniq_gastronok
Lair:4:   layout_cave_shapes, minmay_slime_entry_pillars, beast_lair_carwin_11
Lair:5:   due_jungle_book, layout_gridlike

Skill      XL: |  1  2  3  4  5  6  7  8  9 10 11 12 13 14 |
---------------+-------------------------------------------+-----
Spellcasting   | 4 5 6 7 8 9 11 12 14 15 | 15.5
Conjurations   | 4 5 6 7 8 9 11 12 14 15 | 15.5
Hexes          | 4 5 6 7 8 9 11 12 14 15 | 15.5
Summonings     | 4 5 6 7 8 9 11 12 14 15 | 15.5
Necromancy     | 4 5 6 7 8 9 11 12 14 15 | 15.5
Translocations | 4 5 6 7 8 9 11 12 14 15 | 15.5
Fire Magic     | 4 5 6 7 8 9 11 12 14 15 | 15.5
Ice Magic      | 4 5 6 7 8 9 11 12 14 15 | 15.5
Air Magic      | 4 5 6 7 8 9 11 12 14 15 | 15.5
Earth Magic    | 4 5 6 7 8 9 11 12 14 15 | 15.5
Alchemy        | 4 5 6 7 8 9 11 12 14 15 | 15.5
Fighting       | 3 6 8 10 11 12 | 12.7
Dodging        | 4 7 8 |  8.0
Armour         | 5 6 |  6.1
Stealth        | |  1.5

Action                     |  1- 3 |  4- 6 |  7- 9 | 10-12 | 13-15 || total
---------------------------+-------+-------+-------+-------+-------++-------
  Melee: Unarmed           |       |    16 |       |       |       ||    16
         Staff             |       |       |       |     1 |     8 ||     9
   Cast: Magic Dart        |    51 |    74 |   205 |    30 |     7 ||   367
         Searing Ray       |     1 |     9 |     2 |     2 |       ||    14
         Iskenderun's Myst |       |       |    44 |   148 |   115 ||   307
         Fulminant Prism   |       |       |     5 |    28 |    17 ||    50
         Airstrike         |       |       |       |    18 |   179 ||   197
         Arcjolt           |       |       |       |       |     2 ||     2
  Evoke: Wand              |       |       |       |       |     2 ||     2
    Use: Scroll            |       |       |       |    20 |     7 ||    27
         Potion            |       |       |       |     3 |     6 ||     9
 Armour: Robe              |     1 |    32 |    22 |    38 |    11 ||   104
         Ring mail         |       |       |       |       |    28 ||    28
  Dodge: Dodged            |     3 |     6 |    24 |    42 |    23 ||    98

Table legend: (Time is in decaauts)
 A = Elapsed time spent in this place.
 B = Non-inter-level travel time spent in this place.
 C = Inter-level travel time spent in this place.
 D = Time resting spent in this place.
 E = Time spent auto-exploring this place.
 F = Levels seen in this place.
 G = Mean time per level.
                   A        B        C        D        E       F      G
               +--------+--------+--------+--------+--------+-----+--------+
         Total |  16700 |  16314 |    386 |      0 |  14091 |  15 | 1113.3 |
       Dungeon |   9853 |   9560 |    293 |      0 |   8372 |   9 | 1094.8 |
        Temple |     12 |     12 |      0 |      0 |      0 |   1 |   12.0 |
          Lair |   6834 |   6742 |     92 |      0 |   5719 |   5 | 1366.8 |
               +--------+--------+--------+--------+--------+-----+--------+

Top non-repeatable levels by time:
     D:6: 1807 daAuts
  Lair:5: 1653 daAuts
  Lair:3: 1445 daAuts
  Lair:2: 1424 daAuts
     D:7: 1241 daAuts
  Lair:1: 1195 daAuts
     D:2: 1124 daAuts
  Lair:4: 1115 daAuts
     D:4: 1100 daAuts
     D:8: 1064 daAuts
     D:5: 937 daAuts
     D:1: 909 daAuts
     D:9: 859 daAuts
     D:3: 809 daAuts
  Temple: 12 daAuts
